 Dungeon Crawl Stone Soup version 0.27.0-1-g7a089689b8 (webtiles) character file.

Game seed: 16478453042425593036

194 Anothat the Grasshopper (level 5, -2/43 HPs)
             Began as a Gnoll Warper on Aug 3, 2021.
             Slain by an ogre (8 damage)
             ... on level 4 of the Dungeon.
             The game lasted 00:06:22 (3268 turns).

Anothat the Grasshopper (Gnoll Warper)              Turns: 3268, Time: 00:06:23

Health: -2/43      AC: 13    Str: 12    XL:     5   Next: 73%
Magic:  12/12      EV: 11    Int: 12    God:
Gold:   99         SH:  0    Dex: 11    Spells: 12/14 levels left

rFire    . . .     SeeInvis .   a - +0 hand axe
rCold    . . .     Faith    .   (no shield)
rNeg     . . .     Spirit   .   l - +3 ring mail
rPois    .         Reflect  .   j - +0 helmet
rElec    .         Harm     .   (no cloak)
rCorr    .         Rampage  .   (no gloves)
Will     .....                  (no boots)
Stlth    +.........             (no amulet)
HPRegen  0.14/turn              g - +4 ring of protection
MPRegen  0.13/turn              (no ring)

@: no status effects
A: fangs 1, strong nose, distributed training
a: no special abilities


You were on level 4 of the Dungeon.
You visited 1 branch of the dungeon, and saw 4 of its levels.

You collected 99 gold pieces.

Inventory:

Hand Weapons
 a - a +0 hand axe (weapon)
Missiles
 d - a boomerang of dispersal (quivered)
Armour
 b - a +0 leather armour
 f - a +0 plate armour
 h - a +0 ring mail
 j - a +0 helmet (worn)
 k - a +0 tower shield
 l - a +3 ring mail (worn)
 p - a +0 leather armour of willpower
Jewellery
 g - a +4 ring of protection (left hand)
Scrolls
 c - a scroll of blinking
 m - a scroll of teleportation {unknown}
Potions
 e - a potion of haste
 i - a potion of ambrosia
 n - a potion of heal wounds
 o - a potion of invisibility {unknown}
 q - 2 potions of curing


   Skills:
 + Level 4.8 Fighting
 + Level 1.6 Short Blades
 + Level 1.6 Long Blades
 + Level 4.8 Axes
 + Level 1.6 Maces & Flails
 + Level 1.6 Polearms
 + Level 1.6 Staves
 + Level 1.6 Slings
 + Level 1.6 Bows
 + Level 1.6 Crossbows
 + Level 3.0 Throwing
 + Level 3.0 Armour
 + Level 4.8 Dodging
 + Level 1.6 Stealth
 + Level 1.6 Shields
 + Level 1.6 Unarmed Combat
 + Level 5.2 Spellcasting
 + Level 1.3 Conjurations
 + Level 1.3 Hexes
 + Level 1.3 Summonings
 + Level 1.3 Necromancy
 + Level 5.6 Translocations
 + Level 1.3 Transmutations
 + Level 1.3 Fire Magic
 + Level 1.3 Ice Magic
 + Level 1.3 Air Magic
 + Level 1.3 Earth Magic
 + Level 1.3 Poison Magic
 + Level 1.8 Invocations
 + Level 1.6 Evocations


You had 12 spell levels left.
You knew the following spells:

 Your Spells              Type           Power      Damage    Failure   Level
a - Blink                 Tloc           N/A        N/A       6%          2

Your spell library contained the following spells:

 Spells                   Type           Power      Damage    Failure   Level
 Gell's Gravitas          Tloc           8%         N/A       13%         3
 Lesser Beckoning         Tloc           8%         N/A       13%         3
 Teleport Other           Tloc           16%        N/A       13%         3
 Manifold Assault         Tloc           16%        N/A       75%         5


Dungeon Overview and Level Annotations

Branches:
Dungeon (4/15)
 Temple: D:4-7

Altars:
Dithmenos


Innate Abilities, Weirdness & Mutations

You have very sharp teeth.
Your uncanny sense of smell can sniff out nearby items.
Your experience applies equally to all skills.


Message History

Throw: 2 boomerangs (disperse)
Press: ? - help, Q - select action, (/) - cycle Shift-Dir - straight line, f/p - ogre
Aim: an ogre, wielding a +0 giant club (moderately wounded, 74% to hit)
You throw a boomerang of dispersal.
The boomerang of dispersal hits the ogre but does no damage.
The ogre is moderately wounded.
You hit the ogre but do no damage.
The ogre is moderately wounded.
The ogre closely misses you.
You barely miss the ogre.
The ogre is moderately wounded.
You hit the ogre but do no damage.
The ogre is moderately wounded.
The ogre hits you with a +0 giant club!
You completely miss the ogre.
The ogre is moderately wounded.
The ogre closely misses you.
You hit the ogre. You bite the ogre, but do no damage.
The ogre is heavily wounded.
The ogre barely misses you.
You hit the ogre.
The ogre is severely wounded.
The ogre barely misses you.
You barely miss the ogre.
The ogre is severely wounded.
You barely miss the ogre.
The ogre is severely wounded.
The ogre hits you with a +0 giant club!
You slash the ogre!
The ogre is almost dead.
The ogre hits you but does no damage.
You hit the ogre.
The ogre is almost dead.
The ogre hits you with a +0 giant club!!
Ouch! That really hurt!
* * * LOW HITPOINT WARNING * * *
There is an open door here.
There is an open door here.
The ogre hits you with a +0 giant club!
You die...

.≈♣#### ...#.#!......#
## ....... ..#.##.#
##.#.#.# #.#.#.# ##
......# #.#..###.###
..... #..........#
#....####.........#
#.#...<..........#
#.######@........# #.#
#O........# ##'##
#.........# ##...##
#.........# ##.....##
#.........#
#.......###........>#
#.#§#.....####...#(###
+#.§.#....'........#
§#.#.#§.[####..[#.#


You could see an ogre.

Vanquished Creatures
  A water moccasin zombie (D:3)
  Robin (D:3)
  5 adders
  A worm (D:2)
  A dart slug (D:2)
  An orc (D:3)
  3 bats (D:1)
  7 endoplasms
  3 giant cockroaches
  14 goblins
  7 hobgoblins
  7 jackals
  4 kobolds
  A quokka (D:2)
  A ball python (D:2)
  3 frilled lizards
  10 rats
70 creatures vanquished.

Notes
Turn   | Place    | Note
-------+----------+-------------------------------------------
     0 | D:1      | Anothat the Gnoll Warper began the quest for the Orb.
     0 | D:1      | Reached XP level 1. HP: 20/20 MP: 6/6
    70 | D:1      | Reached XP level 2. HP: 19/26 MP: 7/7
   622 | D:1      | Learned a level 2 spell: Blink
   685 | D:1      | Reached XP level 3. HP: 31/31 MP: 9/9
   742 | D:1      | Found a faded altar of an unknown god.
   848 | D:1      | Reached skill level 5 in Spellcasting
   869 | D:2      | Reached skill level 1 in Invocations
  1092 | D:2      | Found a shadowy altar of Dithmenos.
  1289 | D:2      | Reached skill level 1 in Short Blades
  1289 | D:2      | Reached skill level 1 in Long Blades
  1289 | D:2      | Reached skill level 1 in Maces & Flails
  1289 | D:2      | Reached skill level 1 in Polearms
  1289 | D:2      | Reached skill level 1 in Staves
  1289 | D:2      | Reached skill level 1 in Slings
  1289 | D:2      | Reached skill level 1 in Bows
  1289 | D:2      | Reached skill level 1 in Crossbows
  1289 | D:2      | Reached skill level 1 in Stealth
  1289 | D:2      | Reached skill level 1 in Shields
  1289 | D:2      | Reached skill level 1 in Unarmed Combat
  1289 | D:2      | Reached skill level 1 in Evocations
  1440 | D:2      | Reached XP level 4. HP: 30/38 MP: 11/11
  2202 | D:3      | Noticed Robin
  2224 | D:3      | Reached skill level 1 in Conjurations
  2224 | D:3      | Reached skill level 1 in Hexes
  2224 | D:3      | Reached skill level 1 in Summonings
  2224 | D:3      | Reached skill level 1 in Necromancy
  2224 | D:3      | Reached skill level 1 in Transmutations
  2224 | D:3      | Reached skill level 1 in Fire Magic
  2224 | D:3      | Reached skill level 1 in Ice Magic
  2224 | D:3      | Reached skill level 1 in Air Magic
  2224 | D:3      | Reached skill level 1 in Earth Magic
  2224 | D:3      | Reached skill level 1 in Poison Magic
  2230 | D:3      | Killed Robin
  2577 | D:3      | Reached XP level 5. HP: 32/43 MP: 12/12
  3204 | D:4      | Identified the +1 robe "Ysac" {+Inv Int+3 Dex+5}
  3223 | D:4      | Found a shadowy altar of Dithmenos.
  3229 | D:4      | Noticed an ogre
  3268 | D:4      | Slain by an ogre

Illustrated notes

Levels and vault maps discovered:
D:1:      onia_arrival_handbag, layout_rooms, basic_ecumenical_altar,
          patterned_corridor
D:2:      layout_loops_corners, serial_co_window_serial, co_window_cross_1,
          co_window_paths_a, co_window_cross_1, co_window_corner_a,
          co_window_corner_a, co_window_unsneaky_path_d, co_window_corner_ca,
          co_window_corner_cb, glass_columns_b, glass_columns_a,
          glass_columns_b, basic_altar
D:3:      layout_loops_ring, grunt_ministairs_11, uniq_robin
D:4:      minmay_goblin_kobold_castle, layout_loops_corners,
          grunt_dithmenos_smoke_and_mirrors,
          minmay_temple_entry_statues_pillars, serial_bayou,
          serial_bayou_lake_a, serial_bayou_shore_a, serial_bayou_crossing,
          serial_bayou_lagoon_a

Skill      XL: |  1  2  3  4 |
---------------+-------------+-----
Spellcasting   | 5 |  5.2
Invocations    | 1 |  1.8
Short Blades   | 1 |  1.6
Long Blades    | 1 |  1.6
Maces & Flails | 1 |  1.6
Polearms       | 1 |  1.6
Staves         | 1 |  1.6
Slings         | 1 |  1.6
Bows           | 1 |  1.6
Crossbows      | 1 |  1.6
Stealth        | 1 |  1.6
Shields        | 1 |  1.6
Unarmed Combat | 1 |  1.6
Evocations     | 1 |  1.6
Conjurations   | 1 |  1.3
Hexes          | 1 |  1.3
Summonings     | 1 |  1.3
Necromancy     | 1 |  1.3
Transmutations | 1 |  1.3
Fire Magic     | 1 |  1.3
Ice Magic      | 1 |  1.3
Air Magic      | 1 |  1.3
Earth Magic    | 1 |  1.3
Poison Magic   | 1 |  1.3
Throwing       | 3 |  3.0
Armour         | 3 |  3.0
Fighting       | |  4.8
Axes           | |  4.8
Dodging        | |  4.8
Translocations | |  5.6

Action                   |  1- 3 |  4- 6 || total
-------------------------+-------+-------++-------
Melee: Hand axe          |   101 |   152 ||   253
       Bite              |     9 |    10 ||    19
Throw: Boomerang         |       |     4 ||     4
  Use: Scroll            |       |     4 ||     4
 Stab: Sleeping          |     1 |       ||     1
Armor: Leather armour    |    11 |       ||    11
       Ring mail         |    27 |    79 ||   106
Dodge: Dodged            |    54 |   102 ||   156
